[Event "Live Chess"]
[Site "Chess.com"]
[Date "2011.01.12"]
[Round "-"]
[White "hipposcottimus"]
[Black "astronautbutter"]
[Result "0-1"]
[CurrentPosition "r3k2r/2R2p1p/p2p2pB/1p1bp1Q1/8/5N2/P5PP/5q1K w kq -"]
[Timezone "UTC"]
[ECO "B20"]
[ECOUrl "https://www.chess.com/openings/Sicilian-Defense"]
[UTCDate "2011.01.12"]
[UTCTime "02:54:50"]
[WhiteElo "1334"]
[BlackElo "1380"]
[TimeControl "180+10"]
[Termination "astronautbutter won by resignation"]
[StartTime "02:54:50"]
[EndDate "2011.01.12"]
[EndTime "03:05:14"]
[Link "https://www.chess.com/game/live/86667571"]

1. e4 c5 2. Bb5 a6 3. Be2 d6 4. Nf3 g6 5. d4 Bg7 6. dxc5 Qa5+ 7. Bd2 Qxc5 8. Nc3 b5 9. Be3 Bxc3+ 10. bxc3 Qc7 11. O-O Nf6 12. Bd4 e5 13. Be3 Nxe4 14. Bh6 Nxc3 15. Qd2 Nxe2+ 16. Qxe2 Nc6 17. Nh4 Nd4 18. Qd2 Qxc2 19. Qg5 Be6 20. Rac1 Ne2+ 21. Kh1 Nxc1 22. Rxc1 Qxf2 23. Nf3 Bd5 24. Rc7 Qf1+ 0-1

[Event "Live Chess"]
[Site "Chess.com"]
[Date "2011.01.12"]
[Round "-"]
[White "galaxias"]
[Black "hipposcottimus"]
[Result "1-0"]
[CurrentPosition "8/5p1p/1Q2kB2/8/6b1/P7/2q1r1PP/3R1R1K b - -"]
[Timezone "UTC"]
[ECO "D00"]
[ECOUrl "https://www.chess.com/openings/Queens-Pawn-Opening-1...d5-2.e3-c5"]
[UTCDate "2011.01.12"]
[UTCTime "00:47:07"]
[WhiteElo "1205"]
[BlackElo "1341"]
[TimeControl "600"]
[Termination "galaxias won by resignation"]
[StartTime "00:47:07"]
[EndDate "2011.01.12"]
[EndTime "01:01:20"]
[Link "https://www.chess.com/game/live/86638366"]

1. d4 d5 2. e3 c5 3. dxc5 e5 4. Bb5+ Nc6 5. Nf3 e4 6. Ne5 Qf6 7. Bxc6+ bxc6 8. f4 exf3 9. O-O Qxe5 10. Qxf3 Nf6 11. Nc3 Bxc5 12. a3 d4 13. exd4 Bxd4+ 14. Kh1 O-O 15. Qxc6 Bd7 16. Qf3 Bg4 17. Qf4 Bxc3 18. bxc3 Qxc3 19. Be3 Rfe8 20. Bd4 Qxc2 21. Bxf6 Re4 22. Qg5 Kf8 23. Qxg7+ Ke8 24. Qg8+ Kd7 25. Qxa8 Re2 26. Qxa7+ Kd6 27. Rad1+ Ke6 28. Qb6+ 1-0

[Event "Live Chess"]
[Site "Chess.com"]
[Date "2011.01.12"]
[Round "-"]
[White "hipposcottimus"]
[Black "galaxias"]
[Result "1-0"]
[CurrentPosition "2kr2r1/1p3pP1/p6R/2pN4/2Pn4/6P1/PP1K1Q2/4R3 b - -"]
[Timezone "UTC"]
[ECO "B20"]
[ECOUrl "https://www.chess.com/openings/Sicilian-Defense"]
[UTCDate "2011.01.12"]
[UTCTime "00:36:35"]
[WhiteElo "1351"]
[BlackElo "1193"]
[TimeControl "600"]
[Termination "hipposcottimus won by resignation"]
[StartTime "00:36:35"]
[EndDate "2011.01.12"]
[EndTime "00:46:16"]
[Link "https://www.chess.com/game/live/86635924"]

1. e4 c5 2. Bb5 a6 3. Be2 Nc6 4. c4 e5 5. d3 h6 6. f4 exf4 7. Bxf4 Nf6 8. Nf3 d6 9. Nc3 Be6 10. d4 Bg4 11. e5 dxe5 12. dxe5 Bxf3 13. exf6 Bxe2 14. Qxe2+ Be7 15. fxg7 Rg8 16. Bxh6 Nd4 17. Qf2 Bh4 18. g3 Bxg3 19. hxg3 Qe7+ 20. Kd2 O-O-O 21. Nd5 Qd6 22. Rae1 Qxh6+ 23. Rxh6 1-0

[Event "Live Chess"]
[Site "Chess.com"]
[Date "2011.01.12"]
[Round "-"]
[White "galaxias"]
[Black "hipposcottimus"]
[Result "0-1"]
[CurrentPosition "1n5k/pp4pp/8/4p3/4n3/4p3/P3r2P/1K5R w - -"]
[Timezone "UTC"]
[ECO "D00"]
[ECOUrl "https://www.chess.com/openings/Queens-Pawn-Opening-1...d5-2.e3-c5"]
[UTCDate "2011.01.12"]
[UTCTime "00:21:34"]
[WhiteElo "1198"]
[BlackElo "1346"]
[TimeControl "600"]
[Termination "hipposcottimus won by resignation"]
[StartTime "00:21:34"]
[EndDate "2011.01.12"]
[EndTime "00:36:06"]
[Link "https://www.chess.com/game/live/86632138"]

1. d4 d5 2. e3 c5 3. dxc5 e5 4. Nc3 Nf6 5. e4 d4 6. Nd5 Nxe4 7. Bc4 Bxc5 8. Qf3 f5 9. g4 O-O 10. Nb6+ Kh8 11. Nxa8 Qa5+ 12. c3 dxc3 13. b4 Qxb4 14. Qe2 c2+ 15. Bd2 Qb1+ 16. Rxb1 cxb1=Q+ 17. Qd1 Bxf2+ 18. Ke2 Qxd1+ 19. Kxd1 Rd8 20. Ne2 Rxd2+ 21. Kc1 Be3 22. Kb1 f4 23. Nc7 Bxg4 24. Nd5 Bxe2 25. Nxe3 fxe3 26. Bxe2 Rxe2 0-1

[Event "Live Chess"]
[Site "Chess.com"]
[Date "2011.01.12"]
[Round "-"]
[White "governmentcheese"]
[Black "hipposcottimus"]
[Result "0-1"]
[CurrentPosition "rn4k1/ppp2ppp/8/2bq1b2/5P2/3Pr2P/PP2QKP1/R4BNR w - -"]
[Timezone "UTC"]
[ECO "C31"]
[ECOUrl "https://www.chess.com/openings/Kings-Gambit-Declined-Falkbeer-Accepted-Staunton-Line"]
[UTCDate "2011.01.12"]
[UTCTime "00:07:16"]
[WhiteElo "1346"]
[BlackElo "1341"]
[TimeControl "600"]
[Termination "hipposcottimus won by resignation"]
[StartTime "00:07:16"]
[EndDate "2011.01.12"]
[EndTime "00:10:30"]
[Link "https://www.chess.com/game/live/86628744"]

1. e4 e5 2. f4 d5 3. exd5 e4 4. Qe2 Nf6 5. Nc3 Bg4 6. Qe3 Bf5 7. h3 Nxd5 8. Nxd5 Qxd5 9. d3 Bc5 10. Qe2 O-O 11. Be3 exd3 12. cxd3 Re8 13. Kf2 Rxe3 0-1

[Event "Live Chess"]
[Site "Chess.com"]
[Date "2011.01.11"]
[Round "-"]
[White "flurp"]
[Black "hipposcottimus"]
[Result "0-1"]
[CurrentPosition "2r3k1/5ppp/8/8/p5PP/7R/2pK1P2/q7 b - -"]
[Timezone "UTC"]
[ECO "C20"]
[ECOUrl "https://www.chess.com/openings/Kings-Pawn-Opening-Leonardis-Variation-2...Nf6"]
[UTCDate "2011.01.11"]
[UTCTime "23:59:38"]
[WhiteElo "1261"]
[BlackElo "1332"]
[TimeControl "360"]
[Termination "hipposcottimus won by resignation"]
[StartTime "23:59:38"]
[EndDate "2011.01.12"]
[EndTime "00:06:30"]
[Link "https://www.chess.com/game/live/86626863"]

1. e4 e5 2. d3 Nf6 3. Bg5 d5 4. Qe2 dxe4 5. Bxf6 Qxf6 6. dxe4 Nc6 7. c3 Bd6 8. Na3 Bxa3 9. O-O-O Bxb2+ 10. Kxb2 Be6 11. h4 Qe7 12. Qb5 Rb8 13. Nf3 O-O 14. Nxe5 Nxe5 15. Qxe5 c5 16. c4 a5 17. a4 b5 18. axb5 a4 19. Ka3 Qa7 20. Rb1 Rb6 21. g3 Rc8 22. Bh3 Bxh3 23. Rxh3 Qa5 24. Qc3 Qxc3+ 25. Ka2 Qxc4+ 26. Ka1 Rxb5 27. Rxb5 Qxb5 28. g4 c4 29. e5 Qxe5+ 30. Ka2 c3 31. Kb1 c2+ 32. Kc1 Qa1+ 33. Kd2 0-1

[Event "Live Chess"]
[Site "Chess.com"]
[Date "2011.01.11"]
[Round "-"]
[White "hipposcottimus"]
[Black "RafDj1"]
[Result "0-1"]
[CurrentPosition "1Qb1r3/p4k2/2q4p/1pb1p1p1/3n4/3P4/PP3PPP/R1B2RK1 w - -"]
[Timezone "UTC"]
[ECO "C50"]
[ECOUrl "https://www.chess.com/openings/Italian-Game"]
[UTCDate "2011.01.11"]
[UTCTime "21:44:37"]
[WhiteElo "1325"]
[BlackElo "1364"]
[TimeControl "600"]
[Termination "RafDj1 won on time"]
[StartTime "21:44:37"]
[EndDate "2011.01.11"]
[EndTime "21:53:20"]
[Link "https://www.chess.com/game/live/86590132"]

1. e4 e5 2. Nf3 Nc6 3. Bc4 b5 4. Bb3 Nf6 5. Ng5 d5 6. exd5 Nxd5 7. Nxf7 Kxf7 8. Qf3+ Ke6 9. Nc3 Ne7 10. d3 h6 11. Ne4 Nf5 12. Nc5+ Bxc5 13. O-O g5 14. Qh5 Qe8 15. Qf3 c6 16. c4 Nd4 17. cxd5+ cxd5 18. Qxd5+ Kf6 19. Qxa8 Qc6 20. Qb8 Re8 21. Bf7 Kxf7 0-1

[Event "Live Chess"]
[Site "Chess.com"]
[Date "2011.01.11"]
[Round "-"]
[White "hipposcottimus"]
[Black "saydoo13"]
[Result "1-0"]
[CurrentPosition "8/8/p4kpp/1Q6/8/P7/6PP/1B5K b - -"]
[Timezone "UTC"]
[ECO "C55"]
[ECOUrl "https://www.chess.com/openings/Italian-Game-Anti-Fried-Liver-Defense"]
[UTCDate "2011.01.11"]
[UTCTime "21:18:52"]
[WhiteElo "1332"]
[BlackElo "1390"]
[TimeControl "600"]
[Termination "hipposcottimus won by resignation"]
[StartTime "21:18:52"]
[EndDate "2011.01.11"]
[EndTime "21:34:08"]
[Link "https://www.chess.com/game/live/86583915"]

1. e4 e5 2. Nf3 Nc6 3. Bc4 h6 4. d4 d6 5. dxe5 Nxe5 6. Bb3 Nc6 7. O-O a6 8. Be3 Nf6 9. Nc3 b5 10. a3 Bb7 11. Re1 Be7 12. Bd4 Nxd4 13. Nxd4 O-O 14. Nf5 Qd7 15. Qf3 Rae8 16. Nd5 Nxe4 17. Rxe4 c5 18. c4 Bg5 19. Ba2 Rxe4 20. Qxe4 Re8 21. Qf3 Re5 22. Nfe3 Qe6 23. b3 Bxe3 24. fxe3 Rxe3 25. Qxe3 Qd7 26. Re1 Bc6 27. Bb1 bxc4 28. bxc4 Qg4 29. Ne7+ Kh8 30. Nxc6 g6 31. Qe8+ Kg7 32. Nd8 Qd4+ 33. Kh1 Qxc4 34. Nxf7 Qxf7 35. Re7 Qxe7 36. Qxe7+ Kg8 37. Qxd6 Kg7 38. Qxc5 Kf6 39. Qb5 1-0

[Event "Live Chess"]
[Site "Chess.com"]
[Date "2011.01.11"]
[Round "-"]
[White "hipposcottimus"]
[Black "haydos_baby"]
[Result "0-1"]
[CurrentPosition "r2n3k/1b5p/p2Rp3/1p6/8/2P1P3/PP4PP/6K1 w - -"]
[Timezone "UTC"]
[ECO "B20"]
[ECOUrl "https://www.chess.com/openings/Sicilian-Defense-Bowdler-Attack"]
[UTCDate "2011.01.11"]
[UTCTime "07:19:55"]
[WhiteElo "1328"]
[BlackElo "1263"]
[TimeControl "480"]
[Termination "haydos_baby won on time"]
[StartTime "07:19:55"]
[EndDate "2011.01.11"]
[EndTime "07:31:29"]
[Link "https://www.chess.com/game/live/86377850"]

1. e4 c5 2. Bc4 g6 3. Nf3 Bg7 4. e5 e6 5. d4 a6 6. dxc5 Qa5+ 7. c3 Qxc5 8. Na3 Bxe5 9. O-O Qc7 10. Bg5 Bf6 11. Qd2 Bg7 12. Rae1 Nc6 13. Qf4 Qxf4 14. Bxf4 Nge7 15. Ne5 O-O 16. Ng4 b5 17. Bd3 f5 18. Nh6+ Kh8 19. Nc2 Nd5 20. Bd6 Rf6 21. Nxf5 gxf5 22. Bxf5 Rxf5 23. Ne3 Nxe3 24. fxe3 Rxf1+ 25. Rxf1 Bb7 26. Rf7 Be5 27. Rxd7 Bxd6 28. Rxd6 Nd8 0-1

[Event "Live Chess"]
[Site "Chess.com"]
[Date "2011.01.11"]
[Round "-"]
[White "dtcblackman"]
[Black "hipposcottimus"]
[Result "1/2-1/2"]
[CurrentPosition "5bb1/7p/8/1pk1q3/8/K7/8/8 w - -"]
[Timezone "UTC"]
[ECO "C45"]
[ECOUrl "https://www.chess.com/openings/Scotch-Game"]
[UTCDate "2011.01.11"]
[UTCTime "06:26:34"]
[WhiteElo "1197"]
[BlackElo "1337"]
[TimeControl "540"]
[Termination "Game drawn by stalemate"]
[StartTime "06:26:34"]
[EndDate "2011.01.11"]
[EndTime "06:41:18"]
[Link "https://www.chess.com/game/live/86368058"]

1. e4 e5 2. Nf3 Nc6 3. d4 d5 4. dxe5 dxe4 5. Qxd8+ Nxd8 6. Ng5 f5 7. Bc4 Nh6 8. Nh3 Ne6 9. Bxh6 gxh6 10. O-O Rg8 11. Nc3 Rg6 12. Nd5 Bd7 13. Nxc7+ Nxc7 14. Nf4 Rg7 15. Rfd1 O-O-O 16. e6 Bc6 17. Rxd8+ Kxd8 18. Rd1+ Ke7 19. b4 e3 20. Re1 exf2+ 21. Kxf2 Be4 22. c3 Rg4 23. g3 h5 24. Nxh5 Nxe6 25. Bxe6 Kxe6 26. Nf4+ Ke5 27. a4 b6 28. Nd3+ Kd5 29. Nf4+ Kc4 30. Ne6 Bh6 31. h3 Rg6 32. g4 Rxe6 33. gxf5 Bxf5 34. Rxe6 Bxe6 35. Kf3 Kxc3 36. b5 Kb4 37. Ke4 Kxa4 38. h4 Bf7 39. Ke5 Kxb5 40. Kf6 Bg8 41. Kf5 a5 42. Ke4 a4 43. Kd3 Kb4 44. Kc2 a3 45. Kb1 Bg7 46. Kc2 a2 47. Kd3 a1=Q 48. Ke3 Qf6 49. h5 Qh4 50. h6 Qh5 51. Kd3 Bxh6 52. Kc2 Kc5 53. Kc3 b5 54. Kb2 Qe5+ 55. Ka3 Bf8 1/2-1/2

[Event "Live Chess"]
[Site "Chess.com"]
[Date "2011.01.11"]
[Round "-"]
[White "vijayaru"]
[Black "hipposcottimus"]
[Result "0-1"]
[CurrentPosition "4kb1r/p2p1ppp/1p3n2/1p2p3/P1Pn4/R2Q2P1/1P1PPP1P/2B1K1q1 w Kkq -"]
[Timezone "UTC"]
[ECO "A10"]
[ECOUrl "https://www.chess.com/openings/English-Opening-1...b6"]
[UTCDate "2011.01.11"]
[UTCTime "06:24:08"]
[WhiteElo "1200"]
[BlackElo "1340"]
[TimeControl "600"]
[Termination "hipposcottimus won by checkmate"]
[StartTime "06:24:08"]
[EndDate "2011.01.11"]
[EndTime "06:25:26"]
[Link "https://www.chess.com/game/live/86367655"]

1. c4 b6 2. a4 e5 3. g3 Nf6 4. Bg2 c6 5. Nc3 Bb7 6. Nb5 cxb5 7. Bxb7 Nc6 8. Bxa8 Qxa8 9. Qb3 Nd4 10. Qd3 Qxh1 11. Ra3 Qxg1# 0-1

[Event "Live Chess"]
[Site "Chess.com"]
[Date "2011.01.11"]
[Round "-"]
[White "theriverman"]
[Black "hipposcottimus"]
[Result "1-0"]
[CurrentPosition "6k1/pR6/2n3p1/5p2/8/B5P1/5PKP/8 b - -"]
[Timezone "UTC"]
[ECO "C62"]
[ECOUrl "https://www.chess.com/openings/Ruy-Lopez-Opening-Old-Steinitz-Defense-4.d4"]
[UTCDate "2011.01.11"]
[UTCTime "06:06:04"]
[WhiteElo "1275"]
[BlackElo "1340"]
[TimeControl "600"]
[Termination "theriverman won on time"]
[StartTime "06:06:04"]
[EndDate "2011.01.11"]
[EndTime "06:17:00"]
[Link "https://www.chess.com/game/live/86363460"]

1. e4 e5 2. Nf3 Nc6 3. Bb5 d6 4. d4 Bg4 5. dxe5 dxe5 6. Qxd8+ Rxd8 7. Nxe5 Bd7 8. Nxd7 Rxd7 9. O-O Nge7 10. e5 g6 11. Nc3 Bg7 12. Bxc6 Nxc6 13. Kh1 O-O 14. Bf4 Re8 15. Rad1 Rde7 16. Rfe1 f6 17. e6 Nb4 18. Re2 f5 19. a3 Bxc3 20. bxc3 Nc6 21. Rd7 Rxe6 22. Rxe6 Rxe6 23. g3 Kf8 24. Bxc7 Re2 25. Kg2 Rxc2 26. Rxh7 Rxc3 27. Bd6+ Kg8 28. Rxb7 Rxa3 29. Bxa3 1-0

[Event "Live Chess"]
[Site "Chess.com"]
[Date "2011.01.11"]
[Round "-"]
[White "hipposcottimus"]
[Black "theriverman"]
[Result "1-0"]
[CurrentPosition "6k1/4R3/6pp/1p6/r5r1/8/2Q3PP/R5K1 w - -"]
[Timezone "UTC"]
[ECO "B21"]
[ECOUrl "https://www.chess.com/openings/Sicilian-Defense-Smith-Morra-Gambit"]
[UTCDate "2011.01.11"]
[UTCTime "05:47:29"]
[WhiteElo "1340"]
[BlackElo "1275"]
[TimeControl "600"]
[Termination "hipposcottimus won by resignation"]
[StartTime "05:47:29"]
[EndDate "2011.01.11"]
[EndTime "06:01:06"]
[Link "https://www.chess.com/game/live/86360394"]

1. e4 c5 2. d4 d6 3. dxc5 Qa5+ 4. Bd2 Qxc5 5. c4 Nf6 6. Nc3 e5 7. Nf3 Bg4 8. Be2 Be7 9. O-O O-O 10. Be3 Qc8 11. Nd5 Nxd5 12. cxd5 h6 13. Nd4 Bxe2 14. Nxe2 f5 15. f4 fxe4 16. fxe5 dxe5 17. Ng3 Nd7 18. Nxe4 Bf6 19. Qb3 Kh8 20. Nd6 Qc5 21. Bxc5 Nxc5 22. Qc4 b6 23. Ne4 Nxe4 24. Qxe4 Rfd8 25. a4 Rd6 26. b4 Rc8 27. a5 b5 28. a6 Rc4 29. Qe1 Rxd5 30. Qe3 e4 31. Qxa7 Bd4+ 32. Qxd4 Rdxd4 33. a7 Rxb4 34. a8=Q+ Kh7 35. Qa5 e3 36. Rfe1 Re4 37. Rxe3 Rg4 38. Qa2 Ra4 39. Qc2+ g6 40. Re7+ Kg8 1-0

[Event "Live Chess"]
[Site "Chess.com"]
[Date "2011.01.11"]
[Round "-"]
[White "hipposcottimus"]
[Black "Stea1th-Con"]
[Result "0-1"]
[CurrentPosition "r5k1/5pp1/4p2p/qBQ1P3/5n2/1b6/5NPP/2R3K1 w - -"]
[Timezone "UTC"]
[ECO "B07"]
[ECOUrl "https://www.chess.com/openings/Pirc-Defense-2.d4-c6-3.c4"]
[UTCDate "2011.01.11"]
[UTCTime "04:26:21"]
[WhiteElo "1340"]
[BlackElo "1452"]
[TimeControl "120+12"]
[Termination "Stea1th-Con won by resignation"]
[StartTime "04:26:21"]
[EndDate "2011.01.11"]
[EndTime "04:40:46"]
[Link "https://www.chess.com/game/live/86344754"]

1. e4 d6 2. d4 c6 3. c4 e6 4. Nf3 h6 5. b4 Ne7 6. Nc3 d5 7. Be2 Nd7 8. e5 dxc4 9. Bxc4 Nd5 10. Ne4 N7b6 11. Qc2 Nxb4 12. Qb3 a5 13. a4 N6d5 14. O-O Be7 15. Ne1 O-O 16. f4 b5 17. axb5 cxb5 18. Bxb5 a4 19. Rxa4 Rxa4 20. Qxa4 Qb6 21. Ba3 Qxd4+ 22. Nf2 Nxf4 23. Nf3 Qc5 24. Rc1 Qb6 25. Bxb4 Bxb4 26. Qxb4 Nd5 27. Qa4 Bb7 28. Nd4 Ra8 29. Qb3 Nf4 30. Qc4 Bd5 31. Qc5 Qa5 32. Nb3 Bxb3 0-1

[Event "Live Chess"]
[Site "Chess.com"]
[Date "2011.01.11"]
[Round "-"]
[White "mlofman"]
[Black "hipposcottimus"]
[Result "0-1"]
[CurrentPosition "5rk1/2p3pp/p3r1b1/3p1p2/B2P1P2/2P3Pq/P4P2/R4RK1 w - -"]
[Timezone "UTC"]
[ECO "D02"]
[ECOUrl "https://www.chess.com/openings/Queens-Pawn-Opening-Zukertort-Variation-2...Bf5-3.Bf4"]
[UTCDate "2011.01.11"]
[UTCTime "04:06:47"]
[WhiteElo "1356"]
[BlackElo "1346"]
[TimeControl "540+2"]
[Termination "hipposcottimus won - game abandoned"]
[StartTime "04:06:47"]
[EndDate "2011.01.11"]
[EndTime "04:19:16"]
[Link "https://www.chess.com/game/live/86340101"]

1. d4 d5 2. Nf3 Bf5 3. Bf4 Nc6 4. Nc3 e6 5. e3 Nf6 6. Bb5 Bd6 7. Ne5 O-O 8. Nxc6 bxc6 9. Bxc6 Rb8 10. Nb5 Bxf4 11. exf4 a6 12. Nc3 Rxb2 13. Ba4 Rb6 14. O-O Ne4 15. Nxe4 Bxe4 16. c3 f6 17. Qg4 Bg6 18. h4 f5 19. Qe2 Qxh4 20. Qxe6+ Rxe6 21. g3 Qh3 0-1

[Event "Live Chess"]
[Site "Chess.com"]
[Date "2011.01.11"]
[Round "-"]
[White "add5"]
[Black "hipposcottimus"]
[Result "0-1"]
[CurrentPosition "r1b2r1k/ppp2Bpp/2n5/4p2Q/4Rp2/8/PP1B2PP/5q1K w - -"]
[Timezone "UTC"]
[ECO "A00"]
[ECOUrl "https://www.chess.com/openings/Mieses-Opening-1...d5"]
[UTCDate "2011.01.11"]
[UTCTime "03:48:59"]
[WhiteElo "1155"]
[BlackElo "1337"]
[TimeControl "240+4"]
[Termination "hipposcottimus won by checkmate"]
[StartTime "03:48:59"]
[EndDate "2011.01.11"]
[EndTime "03:59:53"]
[Link "https://www.chess.com/game/live/86336441"]

1. d3 d5 2. e3 e5 3. Nf3 Nc6 4. e4 dxe4 5. Ng5 exd3 6. Bxd3 Be7 7. Ne4 Nf6 8. Nxf6+ Bxf6 9. O-O Bg5 10. Nc3 O-O 11. Ne4 Bh4 12. Qf3 f5 13. Bc4+ Kh8 14. Nc5 Nd4 15. Qh5 Nxc2 16. Rb1 Nd4 17. Be3 Nc6 18. Rbd1 Qe7 19. Rfe1 f4 20. Bd2 Bxf2+ 21. Kh1 Bxe1 22. Rxe1 Qxc5 23. Bf7 Qf2 24. Re4 Qf1# 0-1

[Event "Live Chess"]
[Site "Chess.com"]
[Date "2011.01.11"]
[Round "-"]
[White "hipposcottimus"]
[Black "Cremildoabreu"]
[Result "1-0"]
[CurrentPosition "rnbq1r2/ppp1b1p1/3k3p/3Q4/8/1B6/PPPP1PPP/RNB1K2R b KQ -"]
[Timezone "UTC"]
[ECO "C42"]
[ECOUrl "https://www.chess.com/openings/Petrovs-Defense-Urusov-Gambit"]
[UTCDate "2011.01.11"]
[UTCTime "03:41:20"]
[WhiteElo "1333"]
[BlackElo "1231"]
[TimeControl "300+5"]
[Termination "hipposcottimus won by checkmate"]
[StartTime "03:41:20"]
[EndDate "2011.01.11"]
[EndTime "03:43:53"]
[Link "https://www.chess.com/game/live/86335425"]

1. e4 e5 2. Nf3 Nf6 3. Bc4 h6 4. Nxe5 d5 5. exd5 Nxd5 6. Nxf7 Kxf7 7. Qf3+ Ke8 8. Bxd5 Be7 9. Qf7+ Kd7 10. Be6+ Kd6 11. Bb3 Rf8 12. Qd5# 1-0

[Event "Live Chess"]
[Site "Chess.com"]
[Date "2011.01.11"]
[Round "-"]
[White "OlegBorzenkov"]
[Black "hipposcottimus"]
[Result "1-0"]
[CurrentPosition "r3r1k1/np1Q2pp/1q6/p2N1p2/2P2P2/P5P1/1P2N2P/2KR3B b - -"]
[Timezone "UTC"]
[ECO "C31"]
[ECOUrl "https://www.chess.com/openings/Kings-Gambit-Declined-Falkbeer-Accepted-Staunton-Line"]
[UTCDate "2011.01.11"]
[UTCTime "03:19:35"]
[WhiteElo "1547"]
[BlackElo "1327"]
[TimeControl "600+1"]
[Termination "OlegBorzenkov won on time"]
[StartTime "03:19:35"]
[EndDate "2011.01.11"]
[EndTime "03:33:00"]
[Link "https://www.chess.com/game/live/86330521"]

1. e4 e5 2. f4 d5 3. exd5 e4 4. g3 Nf6 5. c4 c6 6. dxc6 Nxc6 7. Nc3 Bc5 8. Nge2 Ng4 9. Bg2 Nf2 10. Qa4 Nxh1 11. Bxh1 Bd7 12. Qd1 f5 13. d4 exd3 14. Qxd3 O-O 15. a3 a5 16. Be3 Ba7 17. O-O-O Re8 18. Bxa7 Nxa7 19. Qxd7 Qb6 20. Nd5 1-0

[Event "Live Chess"]
[Site "Chess.com"]
[Date "2011.01.11"]
[Round "-"]
[White "hipposcottimus"]
[Black "blindeyedtarget"]
[Result "0-1"]
[CurrentPosition "6k1/p7/2p1r2p/3nP1p1/P7/1n3qBP/Q4P1K/3R1R2 w - -"]
[Timezone "UTC"]
[ECO "C20"]
[ECOUrl "https://www.chess.com/openings/Kings-Pawn-Opening-The-Whale-Variation"]
[UTCDate "2011.01.11"]
[UTCTime "02:22:31"]
[WhiteElo "1331"]
[BlackElo "1419"]
[TimeControl "300"]
[Termination "blindeyedtarget won on time"]
[StartTime "02:22:31"]
[EndDate "2011.01.11"]
[EndTime "02:31:20"]
[Link "https://www.chess.com/game/live/86318573"]

1. e4 e5 2. c4 Nf6 3. d3 Nc6 4. Nf3 h6 5. Be3 d6 6. a3 Ng4 7. b4 f5 8. b5 Na5 9. d4 f4 10. Bc1 Bd7 11. Bb2 c6 12. dxe5 dxe5 13. a4 Bb4+ 14. Nbd2 Be6 15. Be2 Bxc4 16. O-O Bxe2 17. Qxe2 Bxd2 18. Nxd2 Qh4 19. Nf3 Qh5 20. h3 Nf6 21. Bxe5 O-O 22. Bxf4 Rae8 23. e5 Nd5 24. Bg3 Nb3 25. Rad1 Rxf3 26. gxf3 Re6 27. Kh2 g5 28. bxc6 bxc6 29. Qa2 Qxf3 0-1

[Event "Live Chess"]
[Site "Chess.com"]
[Date "2011.01.11"]
[Round "-"]
[White "playforfun1"]
[Black "hipposcottimus"]
[Result "0-1"]
[CurrentPosition "4R3/6p1/5k1p/2r3p1/3p2P1/2bR1K2/6P1/8 w - -"]
[Timezone "UTC"]
[ECO "C20"]
[ECOUrl "https://www.chess.com/openings/Kings-Pawn-Opening-Leonardis-Variation-2...Nf6-3.Nf3"]
[UTCDate "2011.01.11"]
[UTCTime "01:59:08"]
[WhiteElo "1251"]
[BlackElo "1345"]
[TimeControl "480"]
[Termination "hipposcottimus won on time"]
[StartTime "01:59:08"]
[EndDate "2011.01.11"]
[EndTime "02:12:31"]
[Link "https://www.chess.com/game/live/86312264"]

1. e4 e5 2. d3 Nf6 3. Nf3 d5 4. Nxe5 dxe4 5. Bg5 exd3 6. Bxd3 Bd6 7. Qe2 O-O 8. O-O Re8 9. f4 Nc6 10. Nc3 Nxe5 11. fxe5 Bxe5 12. Ne4 Qd6 13. Nxd6 Bd4+ 14. Kh1 Rxe2 15. Bxe2 cxd6 16. c3 Be5 17. Bf3 Ng4 18. Bxg4 Bxg4 19. h3 f6 20. hxg4 fxg5 21. Rf5 h6 22. Raf1 b6 23. Rf7 a6 24. a4 b5 25. axb5 axb5 26. Rb7 Ra5 27. b4 Ra4 28. Rxb5 Bxc3 29. Ra5 Rxb4 30. Ra3 Rc4 31. Kh2 d5 32. Kh3 d4 33. Rd1 Rc5 34. Ra8+ Kh7 35. Rd3 Kg6 36. Kg3 Kf6 37. Kf3 Ke5 38. Re8+ Kf6 0-1

[Event "Live Chess"]
[Site "Chess.com"]
[Date "2011.01.11"]
[Round "-"]
[White "bseldon"]
[Black "hipposcottimus"]
[Result "1-0"]
[CurrentPosition "r3k2r/p3bppp/R2ppn2/1B6/3N4/2P1P3/1P1P1PPP/2B1K2R b Kkq -"]
[Timezone "UTC"]
[ECO "A00"]
[ECOUrl "https://www.chess.com/openings/Ware-Opening-1...b5-2.axb5"]
[UTCDate "2011.01.11"]
[UTCTime "01:02:44"]
[WhiteElo "1350"]
[BlackElo "1339"]
[TimeControl "600"]
[Termination "bseldon won on time"]
[StartTime "01:02:44"]
[EndDate "2011.01.11"]
[EndTime "01:09:17"]
[Link "https://www.chess.com/game/live/86299719"]

1. a4 b5 2. axb5 c6 3. e3 Qb6 4. Nc3 cxb5 5. Nxb5 d6 6. c3 e6 7. Nf3 Be7 8. Qa4 Bd7 9. Nfd4 Nf6 10. Qc4 Na6 11. Rxa6 Bxb5 12. Qxb5+ Qxb5 13. Bxb5+ 1-0

[Event "Live Chess"]
[Site "Chess.com"]
[Date "2011.01.11"]
[Round "-"]
[White "hipposcottimus"]
[Black "bseldon"]
[Result "0-1"]
[CurrentPosition "rnb3k1/1p1p2pp/4p3/pB1P2Q1/4P3/P1N4r/1P5q/R5RK w - -"]
[Timezone "UTC"]
[ECO "B00"]
[ECOUrl "https://www.chess.com/openings/Kings-Pawn-Opening-Ware-Defense-2.d4"]
[UTCDate "2011.01.11"]
[UTCTime "00:45:52"]
[WhiteElo "1347"]
[BlackElo "1342"]
[TimeControl "600"]
[Termination "bseldon won by checkmate"]
[StartTime "00:45:52"]
[EndDate "2011.01.11"]
[EndTime "00:56:14"]
[Link "https://www.chess.com/game/live/86297169"]

1. e4 a5 2. d4 e6 3. c4 c6 4. d5 cxd5 5. cxd5 e5 6. f4 Bd6 7. Nf3 Qb6 8. fxe5 Qb4+ 9. Nc3 Bc5 10. a3 Qb6 11. Bb5 Bf2+ 12. Ke2 Ne7 13. Rf1 Bc5 14. Re1 Ng6 15. Kf1 O-O 16. Qe2 Re8 17. e6 fxe6 18. Be3 Rf8 19. Kg1 Nf4 20. Qd2 Nh3+ 21. gxh3 Rxf3 22. Bxc5 Qxc5+ 23. Kh1 Rxh3 24. Qg5 Qc7 25. Rg1 Qxh2# 0-1